 Dungeon Crawl Stone Soup version 0.19-a0-14-gde87d98 (webtiles) character file.

220 Mefis the Magician (level 5, -1/28 HPs)
             Began as a Deep Elf Wizard on Apr 29, 2016.
             Killed from afar by an orc wizard (5 damage)
             ... with a magic dart
             ... on level 4 of the Dungeon.
             The game lasted 00:10:35 (3301 turns).

Mefis the Magician (Deep Elf Wizard)                Turns: 3301, Time: 00:10:35

Health: -1/28      AC:  3    Str:  4    XL:     5   Next: 64%
Magic:  8/24       EV: 14    Int: 24    God:
Gold:   215        SH:  0    Dex: 15    Spells: 6 memorised, 2 levels left

rFire  . . .     SeeInvis .     x - +4 quarterstaff (chaos)
rCold  . . .     Gourm    .     a - +0 robe
rNeg   . . .     Faith    .     (shield currently unavailable)
rPois  .         Spirit   .     b - +0 hat
rElec  .         Dismiss  .     y - +0 cloak
rCorr  .         Reflect  .     (no gloves)
SustAt .         Harm     .     (no boots)
MR     .....                    (no amulet)
Stlth  ++........               m - +2 ring of dexterity
                                i - ring of magical power

@: repel missiles, not resistant to hostile enchantments, unstealthy
A: no striking features
a: no special abilities


You were on level 4 of the Dungeon.
You were not hungry.

You visited 1 branch of the dungeon, and saw 4 of its levels.

You collected 215 gold pieces.

Inventory:

Hand Weapons
 j - a +3 dagger
 o - a +0 hunting sling
 x - a +4 quarterstaff of chaos (weapon)
Missiles
 k - 9 sling bullets
 v - 5 needles of confusion
Armour
 a - a +0 robe (worn)
 b - a +0 hat (worn)
 y - a +0 cloak (worn)
Jewellery
 i - a ring of magical power (left hand)
 m - a +2 ring of dexterity (right hand)
Wands
 z - a wand of heal wounds (5/9)
Scrolls
 e - 5 scrolls of identify {unknown}
 f - 2 scrolls of blinking {unknown}
 l - a scroll of fear {unknown}
 p - a scroll of remove curse {unknown}
 r - 3 scrolls of enchant armour {unknown}
 t - a scroll of magic mapping {unknown}
 u - a scroll of random uselessness {unknown}
Potions
 g - a potion of heal wounds {unknown}
 h - a potion of might {unknown}
 n - a potion of haste {unknown}
 w - a potion of resistance {unknown}
 A - a potion of brilliance {unknown}
Books
 c - a book of Minor Magic

   Spells                             Type                      Level
   a - Magic Dart                     Conjuration                  1
   b - Blink                          Translocation                2
   c - Call Imp                       Summoning                    2
   d - Repel Missiles                 Charms/Air                   2
   e - Slow                           Hexes                        2
   f - Conjure Flame                  Conjuration/Fire             3
   g - Mephitic Cloud                 Conjuration/Poison/Air       3
Comestibles
 d - 5 bread rations
 q - 2 beef jerkies
 s - a meat ration


   Skills:
 + Level 3.6 Dodging
 + Level 3.4 Stealth
 + Level 5.5 Spellcasting
 + Level 2.2 Conjurations
 + Level 2.3 Charms
 + Level 2.2 Summonings
 + Level 2.1 Translocations
 + Level 1.0 Poison Magic


You had 2 spell levels left.
You knew the following spells:

 Your Spells              Type           Power        Failure   Level  Hunger
a - Magic Dart            Conj           ###.         3%          1    None
b - Call Imp              Summ           ###.....     6%          2    None
c - Blink                 Tloc           N/A          6%          2    None
d - Repel Missiles        Chrm/Air       ##....       10%         2    None
e - Mephitic Cloud        Conj/Pois/Air  ##......     21%         3    #......
f - Conjure Flame         Conj/Fire      ##......     17%         3    #......


Dungeon Overview and Level Annotations

Branches:
Dungeon (4/15)
 Temple: D:4-7

Altars:
Fedhas


Message History

Aim: an orc wizard, wielding a dagger and wearing a robe (moderately wounded, confused)
The magic dart hits the orc wizard.
The orc wizard is moderately wounded.
Casting: Magic Dart
Confirm with . or Enter, or press ? or * to list all spells.
Aiming: Magic Dart
Press: ? - help, Shift-Dir - straight line, f/p - orc wizard
Aim: an orc wizard, wielding a dagger and wearing a robe (moderately wounded, confused)
The magic dart hits the orc wizard.
The orc wizard is heavily wounded.
Casting: Magic Dart
Confirm with . or Enter, or press ? or * to list all spells.
Aiming: Magic Dart
Press: ? - help, Shift-Dir - straight line, f/p - orc wizard
Aim: an orc wizard, wielding a dagger and wearing a robe (heavily wounded, confused)
The magic dart hits the orc wizard.
The orc wizard is heavily wounded.
The orc wizard gestures at you while chanting.
The magic dart hits you!
You die...

###########
#.........#
##########.#######.#
o.....).......o.@..#
##########.#########
#.#.......#
#.#.#####.#
#######.#.# #.#
$.....>.#.# #.#
######..#.# #.#
........#.# #.#
..........# #.#


You could see an orc wizard.

Vanquished Creatures
  An ogre (D:4)
  Crazy Yiuf (D:2)
  A worker ant (D:4)
  2 gnolls (D:3)
  2 adders (D:2)
  2 oozes
  2 worms (D:2)
  2 dart slugs
  2 giant geckos (D:3)
  2 orcs
  3 giant cockroaches
  7 goblins
  4 hobgoblins
  9 bats
  5 giant newts
  6 kobolds
  9 rats
  A fungus (D:2)
61 creatures vanquished.

Vanquished Creatures (collateral kills)
  A gnoll (D:3)
  An adder (D:3)
  A worm (D:3)
  A giant cockroach (D:3)
4 creatures vanquished.

Grand Total: 65 creatures vanquished

Notes
Turn   | Place    | Note
--------------------------------------------------------------
     0 | D:1      | Mefis the Deep Elf Wizard began the quest for the Orb.
     0 | D:1      | Reached XP level 1. HP: 10/10 MP: 7/7
   457 | D:1      | Reached XP level 2. HP: 15/15 MP: 6/9
   461 | D:1      | Learned a level 2 spell: Call Imp
   464 | D:1      | Learned a level 2 spell: Blink
   467 | D:1      | Learned a level 2 spell: Repel Missiles
  1145 | D:2      | Reached skill level 1 in Charms
  1151 | D:2      | Reached skill level 5 in Spellcasting
  1151 | D:2      | Reached XP level 3. HP: 19/19 MP: 7/11
  1745 | D:2      | Learned a level 3 spell: Mephitic Cloud
  2022 | D:2      | Noticed Crazy Yiuf
  2040 | D:2      | Killed Crazy Yiuf
  2040 | D:2      | Reached XP level 4. HP: 10/24 MP: 5/13
  2045 | D:2      | Learned a level 3 spell: Conjure Flame
  2315 | D:3      | Found a blossoming altar of Fedhas.
  2791 | D:3      | Reached XP level 5. HP: 16/28 MP: 0/14
  3232 | D:4      | Noticed an ogre
  3253 | D:4      | Killed an ogre
  3253 | D:4      | Reached skill level 1 in Poison Magic
  3301 | D:4      | Killed from afar by an orc wizard

Vault maps used:
D:1:      dpeg_arrival_round_c, minivault_23
D:2:      uniq_crazy_yiuf_cottage
D:3:      old_standard_altar, first_bread
D:4:      gup_sewer_entry_glass

Skill      XL: |  1  2  3  4  5 |
---------------+----------------+-----
Charms         | 1 2 |  2.3
Spellcasting   | 5 |  5.5
Dodging        | 3 |  3.6
Stealth        | 3 |  3.4
Summonings     | 2 |  2.2
Conjurations   | 2 |  2.2
Translocations | 2 |  2.1
Poison Magic   | 1 |  1.0

Action                   |  1- 3 |  4- 6 || total
-------------------------+-------+-------++-------
Melee: Dagger            |    14 |       ||    14
       Quarterstaff      |       |     3 ||     3
 Cast: Magic Dart        |   118 |    63 ||   181
       Repel Missiles    |     1 |       ||     1
       Mephitic Cloud    |     1 |     8 ||     9
       Call Imp          |       |     6 ||     6
       Blink             |       |     2 ||     2
  Eat: Chunk             |     3 |     4 ||     7
Armor: Robe              |     2 |     4 ||     6
Dodge: Dodged            |    14 |    23 ||    37
       Deflected         |     1 |       ||     1
